 Dungeon Crawl Stone Soup version 0.28.0-43-g3370ac3207 (webtiles) character file.

Game seed: 11727088234615681554

145 Ablot the Grasshopper (level 5, -1/43 HPs)
             Began as a Gnoll Warper on Mar 7, 2022.
             Slain by an iguana (9 damage)
             ... on level 3 of the Dungeon.
             The game lasted 00:04:38 (4504 turns).

Ablot the Grasshopper (Gnoll Warper)                Turns: 4504, Time: 00:04:39

Health: -1/43      AC:  6    Str: 13    XL:     5   Next: 27%
Magic:  11/12      EV: 13    Int: 12    God:
Gold:   90         SH:  0    Dex: 11    Spells: 12/14 levels left

rFire   . . .      SeeInvis .   a - +0 spear
rCold   + . .      Faith    .   (no shield)
rNeg    . . .      Spirit   .   b - +1 robe of the Jackalope {rC+}
rPois   .          Reflect  .   t - +0 helmet
rElec   .          Harm     .   r - +0 cloak
rCorr   .          Rampage  .   (no gloves)
Will    .....                   v - +0 pair of boots
Stlth   ++........              (no amulet)
HPRegen 0.14/turn               (no ring)
MPRegen 0.13/turn               (no ring)

@: no status effects
A: fangs 1, strong nose, distributed training
a: no special abilities


You were on level 3 of the Dungeon.
You visited 1 branch of the dungeon, and saw 4 of its levels.

You collected 90 gold pieces.

Inventory:

Hand Weapons
 a - a +0 spear (weapon)
Missiles
 d - 5 boomerangs of dispersal
 j - 29 stones (quivered)
 k - 20 arrows
 m - 57 sling bullets
 o - 15 bolts
Armour
 b - the +1 robe of the Jackalope (worn) {rC+}
   (You found it on level 3 of the Dungeon)

   rC:        It protects you from cold.
 r - a +0 cloak (worn)
 t - a +0 helmet (worn)
 v - a +0 pair of boots (worn)
Scrolls
 c - 2 scrolls of blinking
 g - 2 scrolls of enchant armour {unknown}
 h - a scroll of magic mapping {unknown}
 i - 3 scrolls of identify {unknown}
 p - a scroll of fear {unknown}
Potions
 e - a potion of heal wounds {unknown}
 f - 2 potions of lignification {unknown}
 l - a potion of curing {unknown}
 n - a potion of resistance {unknown}
 q - a potion of haste {unknown}
 s - a potion of attraction {unknown}
 u - a potion of mutation {unknown}


   Skills:
 + Level 4.7 Fighting
 + Level 1.4 Short Blades
 + Level 1.4 Long Blades
 + Level 1.4 Axes
 + Level 1.4 Maces & Flails
 + Level 4.7 Polearms
 + Level 1.4 Staves
 + Level 1.4 Slings
 + Level 1.4 Bows
 + Level 1.4 Crossbows
 + Level 2.9 Throwing
 + Level 2.9 Armour
 + Level 4.7 Dodging
 + Level 1.4 Stealth
 + Level 1.4 Shields
 + Level 1.4 Unarmed Combat
 + Level 5.2 Spellcasting
 + Level 1.1 Conjurations
 + Level 1.1 Hexes
 + Level 1.1 Summonings
 + Level 1.1 Necromancy
 + Level 5.5 Translocations
 + Level 1.1 Transmutations
 + Level 1.1 Fire Magic
 + Level 1.1 Ice Magic
 + Level 1.1 Air Magic
 + Level 1.1 Earth Magic
 + Level 1.1 Poison Magic
 + Level 1.6 Invocations
 + Level 1.4 Evocations


You had 12 spell levels left.
You knew the following spells:

 Your Spells              Type           Power      Damage    Failure   Level
a - Blink                 Tloc           32%        N/A       3%          2

Your spell library contained the following spells:

 Spells                   Type           Power      Damage    Failure   Level
 Gell's Gravitas          Tloc           16%        N/A       6%          3
 Lesser Beckoning         Tloc           16%        N/A       6%          3
 Teleport Other           Tloc           16%        N/A       6%          3
 Manifold Assault         Tloc           16%        N/A       50%         5
 Olgreb's Toxic Radiance  Pois           5%         N/A       77%         4
 Ozocubu's Refrigeration  Ice            2%         4d5       100%        7
 Ignition                 Fire           2%         3d3       100%        8


Dungeon Overview and Level Annotations

Branches:
Dungeon (4/15)
 Temple: D:4-7

Altars:

Shops:
D:1 *

Annotations:
D:2 Terence
D:3 1 runed translucent door, 1 exclusion
D:4 Dowan, Duvessa


Innate Abilities, Weirdness & Mutations

You have very sharp teeth.
Your uncanny sense of smell can sniff out nearby items.
Your experience applies equally to all skills.


Message History

The iguana is lightly wounded.
Throw: 31 stones
Press: ? - help, Q - select action, (/) - cycle Shift-Dir - straight line, f/p - iguana
Aim: an iguana (lightly wounded, 63% to hit)
You throw a stone. The stone barely misses the iguana.
Unknown command.
Throw: 30 stones
Press: ? - help, Q - select action, (/) - cycle Shift-Dir - straight line, f/p - iguana
Aim: an iguana (lightly wounded, 63% to hit)
You throw a stone.
The stone hits the iguana but does no damage.
The iguana is lightly wounded.
Reach: a) +0 spear
Press: ? - help, Dir - move target, f/p - iguana
Aim: an iguana (lightly wounded, about 34% to evade your +0 spear)
You reach to attack!
You hit the iguana.
The iguana is lightly wounded.
You closely miss the iguana.
The iguana is lightly wounded.
You feel stable enough to blink again. The iguana barely misses you.
You completely miss the iguana.
The iguana is lightly wounded.
You hit the iguana but do no damage. Your bite misses the iguana.
The iguana is lightly wounded.
The iguana barely misses you.
You hit the iguana.
The iguana is moderately wounded.
The iguana bites you!
* * * LOW HITPOINT WARNING * * *
You barely miss the iguana.
The iguana is moderately wounded.
The iguana bites you but does no damage.
You hit the iguana. You bite the iguana, but do no damage.
The iguana is moderately wounded.
The iguana closely misses you.
You hit the iguana. You punch the iguana, but do no damage.
The iguana is heavily wounded.
The iguana bites you!
You die...

#.# #..# #.# #..# ####.#
#.[# #....# #..# #.####
#..### #.# #....# # #.#
#.##.####
#.###########.#......
#...@l.(.(>(..#..####
############.........
#.##..####
###############.....#
#.......)........##.####
#.#######...............
#.# #.######.##..##. #.#
#.# #.##..###
#.#######.######.##..#


You could see an iguana.

Vanquished Creatures
  A hound (D:3)
  Robin (D:4)
  3 adders
  2 worms
  An orc (D:4)
  6 endoplasms
  3 giant cockroaches (D:1)
  9 goblins
  8 hobgoblins
  3 quokkas
  16 ball pythons
  5 bats
  2 frilled lizards (D:1)
  2 kobolds
  5 rats
67 creatures vanquished.

Vanquished Creatures (others)
  2 hobgoblins (D:4)
2 creatures vanquished.

Grand Total: 69 creatures vanquished

Notes
Turn   | Place    | Note
-------+----------+-------------------------------------------
     0 | D:1      | Ablot the Gnoll Warper began the quest for the Orb.
     0 | D:1      | Reached XP level 1. HP: 20/20 MP: 6/6
   196 | D:1      | Found Juikopta's General Store.
   335 | D:1      | Reached XP level 2. HP: 23/26 MP: 7/7
   338 | D:1      | Learned a level 2 spell: Blink
   609 | D:1      | Found a faded altar of an unknown god.
   691 | D:1      | Reached XP level 3. HP: 27/31 MP: 9/9
   797 | D:1      | Reached skill level 5 in Spellcasting
  1545 | D:2      | Reached skill level 1 in Invocations
  1900 | D:2      | Reached skill level 1 in Short Blades
  1900 | D:2      | Reached skill level 1 in Long Blades
  1900 | D:2      | Reached skill level 1 in Axes
  1900 | D:2      | Reached skill level 1 in Maces & Flails
  1900 | D:2      | Reached skill level 1 in Staves
  1900 | D:2      | Reached skill level 1 in Slings
  1900 | D:2      | Reached skill level 1 in Bows
  1900 | D:2      | Reached skill level 1 in Crossbows
  1900 | D:2      | Reached skill level 1 in Stealth
  1900 | D:2      | Reached skill level 1 in Shields
  1900 | D:2      | Reached skill level 1 in Unarmed Combat
  1900 | D:2      | Reached skill level 1 in Evocations
  2102 | D:2      | Noticed Terence
  2280 | D:2      | Reached XP level 4. HP: 38/38 MP: 11/11
  2913 | D:3      | Identified the +1 robe of the Jackalope {rC+}
  3329 | D:3      | Found a runed translucent door.
  3495 | D:3      | Reached skill level 1 in Conjurations
  3495 | D:3      | Reached skill level 1 in Hexes
  3495 | D:3      | Reached skill level 1 in Summonings
  3495 | D:3      | Reached skill level 1 in Necromancy
  3495 | D:3      | Reached skill level 1 in Transmutations
  3495 | D:3      | Reached skill level 1 in Fire Magic
  3495 | D:3      | Reached skill level 1 in Ice Magic
  3495 | D:3      | Reached skill level 1 in Air Magic
  3495 | D:3      | Reached skill level 1 in Earth Magic
  3495 | D:3      | Reached skill level 1 in Poison Magic
  3514 | D:3      | Reached XP level 5. HP: 17/43 MP: 12/12
  4004 | D:4      | Noticed Duvessa
  4004 | D:4      | Noticed Dowan
  4118 | D:4      | Noticed Robin
  4145 | D:4      | Noticed a black bear
  4170 | D:4      | Killed Robin
  4504 | D:3      | Slain by an iguana

Illustrated notes

Levels and vault maps discovered:
D:1:      elethiomel_arrival_fortress_basement, layout_basic, serial_shops,
          shop, shapermc_ecumenical_altar_mp_vishouse
D:2:      layout_basic, uniq_terence
D:3:      layout_loops_ring, uniq_crazy_yiuf_cottage
D:4:      cheibrodos_barr_body, layout_rooms, elyvilon_altar_4,
          minmay_misc_feat_plants, uniq_duvessa, uniq_robin

Skill      XL: |  1  2  3  4 |
---------------+-------------+-----
Spellcasting   | 5 |  5.2
Invocations    | 1 |  1.6
Short Blades   | 1 |  1.4
Long Blades    | 1 |  1.4
Axes           | 1 |  1.4
Maces & Flails | 1 |  1.4
Staves         | 1 |  1.4
Slings         | 1 |  1.4
Bows           | 1 |  1.4
Crossbows      | 1 |  1.4
Stealth        | 1 |  1.4
Shields        | 1 |  1.4
Unarmed Combat | 1 |  1.4
Evocations     | 1 |  1.4
Conjurations   | 1 |  1.1
Hexes          | 1 |  1.1
Summonings     | 1 |  1.1
Necromancy     | 1 |  1.1
Transmutations | 1 |  1.1
Fire Magic     | 1 |  1.1
Ice Magic      | 1 |  1.1
Air Magic      | 1 |  1.1
Earth Magic    | 1 |  1.1
Poison Magic   | 1 |  1.1
Fighting       | |  4.7
Polearms       | |  4.7
Throwing       | |  2.9
Armour         | |  2.9
Dodging        | |  4.7
Translocations | |  5.5

Action                   |  1- 3 |  4- 6 || total
-------------------------+-------+-------++-------
Melee: Spear             |   138 |   166 ||   304
       Bite              |    12 |    15 ||    27
       Punch             |     3 |     3 ||     6
Throw: Stone             |       |     7 ||     7
 Cast: Blink             |       |     2 ||     2
 Stab: Sleeping          |     2 |     4 ||     6
       Distracted        |     1 |       ||     1
Armor: Leather armour    |    25 |       ||    25
       Robe              |       |    41 ||    41
Dodge: Dodged            |    49 |    91 ||   140
